 Dungeon Crawl Stone Soup version 0.31-a0-1066-g35875b34c7 (webtiles) character file.

Game seed: 18246489081412689675

10040 PanSaczeczos the Covert (level 11, -3/84 HPs)
             Began as a Merfolk Summoner on Nov 22, 2023.
             Was an Elder of Fedhas.
             Slain by a skyshark (10 damage)
             ... on level 1 of the Lair of Beasts.
             The game lasted 00:56:35 (14947 turns).

PanSaczeczos the Covert (Merfolk Summoner)         Turns: 14947, Time: 00:56:35

Health: -3/84      AC: 15    Str:  9    XL:     11   Next: 55%
Magic:  0/20       EV: 15    Int: 19    God:    Fedhas [****..]
Gold:   491        SH:  0    Dex: 20    Spells: 7/22 levels left

rFire   . . .        a - +2 dagger (venom)
rCold   . . .        (no shield)
rNeg    . . .        P - +1 steam dragon scales
rPois   .            B - +0 helmet
rElec   .            g - +2 cloak
rCorr   .            Y - +0 pair of gloves
SInv    .            (no boots)
Will    .....        m - amulet of guardian spirit
Stlth   ++++         A - +4 ring of protection
HPRegen 0.34/turn    M - +6 ring of dexterity
MPRegen 0.17/turn

%: guardian spirit
@: no status effects
A: (nimble swimmer 2), mertail
a: Renounce Religion, Wall of Briars, Grow Ballistomycete, Overgrow


You were on level 1 of the Lair of Beasts.
You worshipped Fedhas.
Fedhas was greatly pleased with you.
You visited 2 branches of the dungeon, and saw 10 of its levels.
You also visited: Sewer.

You collected 608 gold pieces.
You spent 117 gold pieces at shops.

Inventory:

Hand Weapons
 a - a +2 dagger of venom (weapon)
 b - a +0 orcbow
 c - a +5 halberd
 K - a +5 falchion of freezing
 O - a +1 broad axe of flaming
Missiles
 l - 40 poisoned darts (quivered)
Armour
 g - a +2 cloak (worn)
 B - a +0 helmet (worn)
 P - +1 steam dragon scales (worn)
 R - a +3 ring mail
 Y - a +0 pair of gloves (worn)
 Z - +0 acid dragon scales
Magical Staves
 G - a staff of conjuration
 Q - a staff of poison
Jewellery
 m - an amulet of guardian spirit (around neck)
 A - a +4 ring of protection (left hand)
 M - a +6 ring of dexterity (right hand)
 V - a ring of positive energy
Wands
 v - a wand of paralysis (9)
 y - a wand of flame (24)
 E - a wand of iceblast (4)
 N - a wand of digging (1)
Scrolls
 f - 9 scrolls of teleportation {!r}
 o - a scroll of enchant weapon {!r, unknown}
 q - a scroll of blinking {!r, unknown}
 u - 5 scrolls of fear {!r}
 D - 5 scrolls of poison {!r}
 F - a scroll of vulnerability {!r, unknown}
 H - a scroll of immolation {!r}
 I - a scroll of fog {!r}
 L - a scroll of revelation {!r}
Potions
 d - 2 potions of curing
 e - 3 potions of lignification {unknown}
 h - 4 potions of brilliance
 i - a potion of mutation {unknown}
 j - a potion of cancellation {unknown}
 n - 2 potions of berserk rage
 r - 2 potions of might {@q3}
 s - a potion of resistance {unknown}
 t - 2 potions of invisibility {unknown}
 J - a potion of heal wounds {unknown}
 S - 7 potions of ambrosia
 T - a potion of haste {unknown}
 X - a potion of attraction {unknown}


   Skills:
 - Level 7.0 Fighting
 - Level 1.0 Short Blades
 - Level 5.0 Dodging
 - Level 8.0 Stealth
 - Level 6.0 Spellcasting
 - Level 4.0 Hexes
 + Level 7.6 Summonings
 - Level 2.0 Translocations
 - Level 7.0 Air Magic
 + Level 6.8 Invocations
 - Level 3.0 Evocations


You had 7 spell levels left.
You knew the following spells:

 Your Spells              Type           Power      Damage    Failure   Level
a - Summon Small Mammal   Summ           100%       N/A       1%          1
b - Call Imp              Summ           68%        N/A       1%          2
c - Call Canine Familiar  Summ           34%        N/A       1%          3
d - Summon Guardian Gole  Hex/Summ       27%        N/A       3%          3
e - Summon Lightning Spi  Summ/Air       33%        N/A       5%          4
f - Blink                 Tloc           26%        N/A       8%          2

Your spell library contained the following spells:

 Spells                   Type           Power      Damage    Failure   Level
 Slow                     Hex            80%        N/A       2%          1
 Confusing Touch          Hex            20%        N/A       6%          3
 Sigil of Binding         Hex            20%        N/A       6%          3
 Lesser Beckoning         Tloc           26%        N/A       8%          2
 Momentum Strike          Conj/Tloc      18%        3d8       11%         2
 Animate Armour           Summ/Erth      40%        N/A       22%         4
 Ozocubu's Armour         Ice            5%         N/A       32%         3
 Vampiric Draining        Necr           5%         2d6       32%         3
 Dimensional Bullseye     Hex/Tloc       8%         N/A       32%         4
 Leda's Liquefaction      Hex/Erth       6%         N/A       43%         4
 Manifold Assault         Tloc           13%        N/A       43%         4
 Metabolic Englaciation   Hex/Ice        6%         N/A       80%         5
 Lee's Rapid Deconstruct  Erth           2%         3d5*      97%         5
 Dispersal                Tloc           6%         N/A       100%        6
 Simulacrum               Ice/Necr       2%         N/A       100%        6
 Disjunction              Tloc           6%         N/A       100%        8


Dungeon Overview and Level Annotations

Branches:
Dungeon (9/15) Zot: 24326  Temple (0/1) D:5            Lair (1/5) D:9 Zot: 5823
    Orc (0/2) D:9           Sewer (visited)

Altars:
Cheibriados
Dithmenos
Fedhas
Gozag
Kikubaaqudgha
Qazlal
Ru
Sif Muna
Wu Jian
Xom
Yredelemnul
Zin

Shops:
D:2 =   D:6 ?


Innate Abilities, Weirdness & Mutations

((You are very nimble when in or above water. (Stealth+, EV+, Speed+++)))
Your lower body shifts to a powerful aquatic tail in water.


Message History

The skyshark is almost dead.
The skyshark completely misses you. The skyshark closely misses you.
The skyshark tail-slaps you but does no damage.
Your guardian golem is engulfed in blazing flames.
The skyshark bites you!
* * * LOW HITPOINT WARNING * * *
The skyshark tail-slaps you.
* * * LOW HITPOINT WARNING * * *
The skyshark barely misses you.
Unknown command.
Okay, then.
Magic courses through your body.
Your guardian golem is engulfed in blazing flames.
Your guardian golem overheats!
The skyshark bites you!!
* * * LOW HITPOINT WARNING * * *
The skyshark tail-slaps you but does no damage.
The skyshark tail-slaps you.
* * * LOW HITPOINT WARNING * * *
Okay, then.
Okay, then.
Okay, then.
A briar patch grows up from the ground. x4; The skyshark bites you!
* * * LOW HITPOINT WARNING * * *
The skyshark tail-slaps you.
* * * LOW HITPOINT WARNING * * *
The skyshark tail-slaps you.
* * * LOW HITPOINT WARNING * * *
Your guardian golem is engulfed in blazing flames.
Flame seeps out of your guardian golem. The skyshark completely misses you.
The skyshark tail-slaps you.
* * * LOW HITPOINT WARNING * * *
The skyshark closely misses you.
Your magical contamination has completely faded away.
Unknown command.
You walk carefully through the plants.
Your guardian golem is engulfed in blazing flames.
Flame seeps out of your guardian golem. The skyshark bites you!
You die...
Fedhas appreciates your contribution to the ecosystem.

▒·§·S··▒ ▒··9▒▒····F
▒···▒ ·S· ▒▒▒▒ ▒··▒▒ ·
▒···▒▒▒▒▒ ▒▒·▒▒
▒···▒·▒▒▒▒ ▒··▒
▒···▒▒·▒▒▒▒·▒ ▒▒▒
▒▒······°▒9▒P▒▒··▒▒▒▒
··▒▒▒···▒···°·☼‰l@·······
▒···▒▒···▒▒▒°▒▒▒PP▒▒·▒▒··
▒▒·······▒ ▒▒▒ ▒▒··▒▒
▒P···▒▒‰·▒ ▒··)·▒▒
▒····▒···▒▒▒▒▒▒▒·P···▒▒
·▒·······P▒·▒···········▒
▒▒···············▒····▒▒
▒▒············P···▒·▒▒
▒·»········▒▒·····▒▒▒


You could see a skyshark (berserk, very poisoned, ally target) and a friendly
guardian golem (summoned, inner flame).

Vanquished Creatures
  Maurice (D:8)
  Maggie (D:6)
  9 yaks
  A wyvern (D:9)
  A steam dragon (D:9)
  An acid dragon (D:9)
  An orc warrior (D:8)
  An ogre (D:6)
  A centaur (D:8)
  A kobold brigand (D:8)
  A bullfrog (D:9)
  3 scorpions
  2 wights
  13 killer bees
  2 hounds
  7 iguanas
  3 gnolls
  A river rat (D:3)
  3 adders
  A white imp (D:8)
  3 dart slugs
  9 orcs
  8 ball pythons
  2 bat zombies (D:5)
  4 endoplasms
  5 giant cockroaches
  6 goblins
  5 hobgoblins
  4 jackals
  6 kobolds
  2 quokkas (D:4)
  2 bats
  7 frilled lizards (Sewer)
  2 rats
  A rat zombie (D:5)
120 creatures vanquished.

Vanquished Creatures (collateral kills)
  A black mamba (Lair:1)
  4 yaks
  A basilisk (D:8)
  A steam dragon (D:8)
  A warg (D:8)
  3 water moccasins
  An ice beast (D:6)
  3 ogres (D:5)
  2 phantoms
  A kobold brigand (D:7)
  5 bullfrogs
  8 wights
  5 killer bees (D:9)
  A nameless horror (D:9)
  A howler monkey (D:9)
  A hound (D:6)
  2 jellies (D:6)
  6 orc priests
  2 iguanas (D:4)
  An orc wizard (D:7)
  3 adders
  9 gnolls
  2 shadow imps
  A dart slug (D:1)
  5 orcs
  A ball python (D:1)
  3 endoplasms
  5 hobgoblins
  3 jackals
  A quokka (D:2)
  A frilled lizard (D:1)
  3 goblins
  11 kobolds
  3 rats
101 creatures vanquished.

Vanquished Creatures (others)
  An ugly thing (D:8)
  A komodo dragon (Lair:1)
  A queen bee (D:9)
  A hornet (D:8)
  5 yaks
  A steam dragon (D:8)
  An ice beast (D:6)
  A black bear (D:4)
  An ogre (D:5)
  A wight (D:4)
  4 killer bees
  A gnoll bouda (D:7)
  A sleepcap (D:8)
  An orc wizard (D:5)
  3 gnolls
  3 orcs (D:8)
27 creatures vanquished.

Grand Total: 248 creatures vanquished

Notes
Turn   | Place    | Note
-------+----------+-------------------------------------------
     0 | D:1      | PanSaczeczos the Merfolk Summoner began the quest for the
                  | Orb.
     0 | D:1      | Reached XP level 1. HP: 13/13 MP: 3/3
   198 | D:1      | Reached XP level 2. HP: 20/20 MP: 3/5
   220 | D:1      | Learned a level 2 spell: Call Imp
   283 | D:1      | Reached skill level 1 in Fighting
   334 | D:1      | Reached skill level 3 in Stealth
   639 | D:1      | Reached XP level 3. HP: 26/26 MP: 6/6
   672 | D:1      | Found a faded altar of an unknown god.
  1102 | D:1      | Learned a level 3 spell: Call Canine Familiar
  1549 | D:2      | Reached XP level 4. HP: 25/32 MP: 4/7
  2037 | D:2      | Found Apagea Abei's Jewellery Shoppe.
  2417 | D:3      | Found a glowing drain.
  2486 | Sewer    | Entered a sewer
  2540 | Sewer    | Noticed Pargi
  2845 | D:3      | Found a blossoming altar of Fedhas.
  2950 | D:3      | Found an ornate altar of the Wu Jian Council.
  3119 | D:3      | Became a worshipper of Fedhas Madash
  3154 | D:4      | Found a sacrificial altar of Ru.
  3164 | D:4      | Reached XP level 5. HP: 38/38 MP: 3/9
  3392 | D:4      | Reached skill level 1 in Invocations
  3439 | D:4      | Learned a level 3 spell: Summon Guardian Golem
  3509 | D:4      | Noticed a black bear
  3853 | D:4      | Found a shadowy altar of Dithmenos.
  3868 | D:4      | Reached XP level 6. HP: 42/46 MP: 5/10
  4605 | D:4      | Reached skill level 1 in Hexes
  4805 | D:4      | Killed a black bear
  4805 | D:4      | Reached * piety under Fedhas
  4806 | D:4      | Reached skill level 5 in Summonings
  5051 | D:4      | Reached skill level 4 in Stealth
  5051 | D:4      | Reached XP level 7. HP: 52/52 MP: 4/12
  5192 | D:5      | Entered Level 5 of the Dungeon
  5963 | D:5      | Reached skill level 5 in Stealth
  5963 | D:5      | Reached XP level 8. HP: 58/58 MP: 7/14
  6659 | D:5      | Reached ** piety under Fedhas
  6665 | D:5      | Learned a level 4 spell: Summon Lightning Spire
  6715 | D:5      | Found a staircase to the Ecumenical Temple.
  6819 | D:5      | Found an ancient bone altar of Kikubaaqudgha.
  6822 | D:5      | Identified the +8 tower shield "Rammenoca" {Harm Str-2
                  | Dex+3}
  7289 | D:5      | Reached skill level 1 in Air Magic
  7478 | D:6      | Reached skill level 5 in Fighting
  7478 | D:6      | Reached skill level 1 in Short Blades
  7852 | D:6      | Found a basalt altar of Yredelemnul.
  8042 | D:6      | Reached XP level 9. HP: 68/68 MP: 7/15
  8121 | D:6      | Found a glowing silver altar of Zin.
  8346 | D:6      | Found an opulent altar of Gozag.
  8395 | D:6      | Noticed Maggie
  8857 | D:6      | Found Asiloq's Magic Scroll Emporium.
  8865 | D:6      | Bought a scroll of identify for 26 gold pieces
  8865 | D:6      | Bought a scroll of identify for 26 gold pieces
  8865 | D:6      | Bought a scroll of teleportation for 39 gold pieces
  8865 | D:6      | Bought a scroll of identify for 26 gold pieces
  8978 | D:6      | Killed Maggie
  8979 | D:6      | Reached skill level 6 in Stealth
  9393 | D:7      | Reached skill level 5 in Dodging
  9987 | D:7      | Reached skill level 5 in Air Magic
 10328 | D:7      | Reached *** piety under Fedhas
 10813 | D:7      | Found a shimmering blue altar of Sif Muna.
 10890 | D:8      | Noticed Maurice
 10891 | D:8      | Paralysed by Maurice for 3 turns
 10898 | D:8      | Noticed a hornet
 10907 | D:8      | Noticed a purple ugly thing
 11148 | D:8      | Paralysed by something for 5 turns
 11228 | D:8      | Paralysed by Maurice for 3 turns
 11232 | D:8      | Maurice stole a ring of positive energy
 11233 | D:8      | Paralysed by Maurice for 4 turns
 11238 | D:8      | Maurice stole 32 poisoned darts
 11241 | D:8      | Killed Maurice
 11242 | D:8      | Reached skill level 7 in Stealth
 11242 | D:8      | Reached XP level 10. HP: 59/76 MP: 10/16
 11335 | D:8      | Found a snail-covered altar of Cheibriados.
 11443 | D:8      | Reached skill level 1 in Evocations
 11508 | D:8      | Found a stormy altar of Qazlal.
 11526 | D:8      | Killed a purple ugly thing
 11660 | D:8      | Reached skill level 5 in Invocations
 12106 | D:8      | Learned a level 2 spell: Blink
 12220 | D:8      | Reached skill level 1 in Translocations
 12807 | D:8      | Reached skill level 5 in Spellcasting
 13040 | D:9      | Found a staircase to the Orcish Mines.
 13102 | D:9      | Reached XP level 11. HP: 58/81 MP: 9/19
 13383 | D:8      | Reached **** piety under Fedhas
 13655 | D:9      | Found a staircase to the Lair.
 14603 | D:9      | Found a shimmering altar of Xom.
 14771 | Lair:1   | Entered Level 1 of the Lair of Beasts
 14815 | Lair:1   | Reached skill level 8 in Stealth
 14927 | Lair:1   | Noticed a skyshark
 14946 | Lair:1   | HP: 13/84 [skyshark (11)]
 14946 | Lair:1   | HP: 6/84 [skyshark (2)]
 14947 | Lair:1   | Slain by a skyshark

Illustrated notes

Levels and vault maps discovered:
D:1:      nicolae_arrival_somewhat_less_tricky_arrival, layout_loops_ring,
          chequers_ecumenical_altar_simple
D:2:      layout_basic, serial_shops,
          nicolae_shop_temple_entry_statues_fountains
D:3:      layout_rooms, mainiacjoe_overflow_chevrons, overflow_temple_1_default,
          portal_sewer_entry_b
D:4:      layout_gridville, nicolae_ru_awakened_eye,
          nicolae_dithmenos_shadow_blocks
D:5:      layout_rooms, lemuel_zombie_altar_kikubaaqudgha,
          minmay_temple_entry_ruins
D:6:      layout_basic, pdpol_temple_overflow_zin_treasury_gozag_greed,
          yredelemnul_altar_generic, serial_shops, nicolae_shop_hallway_stairs,
          uniq_maggie
D:7:      layout_basic, tgw_sif, chequers_serial_rivers_micro_e
D:8:      layout_rooms, mainiacjoe_overflow_large_starburst, uniq_maurice
D:9:      layout_cave_pools, lemuel_doored_altar, minmay_lair_entry_grove,
          david_orc_3, minmay_misc_feat_nine_boxes, minivault_7
Lair:1:   layout_misc_corridors, gauntlet_entry_generic, beast_lair_carwin_11,
          grunt_megastairs_2, serial_bayou_shore_b, uniq_jeremiah

Skill      XL: |  1  2  3  4  5  6  7  8  9 10 11 |
---------------+----------------------------------+-----
Dodging        | 3 4 5 |  5.0
Fighting       | 1 2 3 5 6 7 |  7.0
Stealth        | 3 4 5 7 8 |  8.0
Spellcasting   | 3 4 5 6 |  6.0
Invocations    | 1 2 4 5 6 |  6.8
Hexes          | 1 4 |  4.0
Summonings     | 5 6 7 |  7.6
Air Magic      | 3 6 7 |  7.0
Short Blades   | 1 |  1.0
Evocations     | 3 |  3.0
Translocations | 2 |  2.0

Action                     |  1- 3 |  4- 6 |  7- 9 | 10-12 || total
---------------------------+-------+-------+-------+-------++-------
  Melee: Short sword       |    50 |       |       |       ||    50
         Unarmed           |     5 |       |       |       ||     5
         Whip              |    20 |    73 |       |       ||    93
         Punch             |     1 |     1 |     2 |     1 ||     5
         Tailslap          |       |     2 |       |       ||     2
         Dagger            |       |    41 |   182 |   162 ||   385
   Fire: Sling             |       |       |     8 |       ||     8
         Orcbow            |       |       |       |    20 ||    20
  Throw: Throwing net      |       |     1 |       |     1 ||     2
         Dart              |       |       |     7 |     1 ||     8
   Cast: Summon Small Mamm |    10 |     2 |     1 |       ||    13
         Call Imp          |    12 |    21 |    39 |    11 ||    83
         Call Canine Famil |     3 |    16 |    48 |    30 ||    97
         Summon Guardian G |       |     3 |    24 |    22 ||    49
         Summon Lightning  |       |       |     1 |    16 ||    17
         Blink             |       |       |       |     1 ||     1
 Invoke: Wall of Briars    |       |       |       |     1 ||     1
  Evoke: Wand              |       |       |     9 |     3 ||    12
    Use: Scroll            |       |     4 |     9 |     2 ||    15
         Potion            |       |       |     2 |     1 ||     3
   Stab: Sleeping          |     4 |    11 |       |     2 ||    17
         Distracted        |       |       |     2 |     6 ||     8
 Armour: Robe              |    43 |    53 |    79 |       ||   175
         Steam dragon scal |       |       |    62 |   168 ||   230
  Dodge: Dodged            |    61 |    70 |   173 |   159 ||   463

Table legend: (Time is in decaauts)
 A = Elapsed time spent in this place.
 B = Non-inter-level travel time spent in this place.
 C = Inter-level travel time spent in this place.
 D = Time resting spent in this place.
 E = Time spent auto-exploring this place.
 F = Levels seen in this place.
 G = Mean time per level.
                   A        B        C        D        E       F      G
               +--------+--------+--------+--------+--------+-----+--------+
         Total |  14886 |  13276 |   1610 |   4283 |   3830 |  11 | 1353.3 |
       Dungeon |  14511 |  12901 |   1610 |   4234 |   3822 |   9 | 1612.3 |
          Lair |    175 |    175 |      0 |     44 |      0 |   1 |  175.0 |
         Sewer |    200 |    200 |      0 |      5 |      8 |   1 |  200.0 |
               +--------+--------+--------+--------+--------+-----+--------+

Top non-repeatable levels by time:
     D:4: 2896 daAuts
     D:8: 2178 daAuts
     D:6: 2039 daAuts
     D:7: 1567 daAuts
     D:9: 1543 daAuts
     D:5: 1400 daAuts
     D:1: 1156 daAuts
     D:2: 1075 daAuts
     D:3: 653 daAuts
   Sewer: 200 daAuts
  Lair:1: 175 daAuts
